 Dungeon Crawl Stone Soup version 0.31-a0-1091-g283494c966 (webtiles) character file.

Game seed: 12496274525154054294

86891 Flugslaktarn the Severer (level 15, -8/139 HPs)
             Began as a Minotaur Fighter on Nov 28, 2023.
             Was the Champion of Cheibriados.
             Mangled by an alligator (11 damage)
             ... on level 2 of the Swamp.
             The game lasted 00:10:21 (18491 turns).

Flugslaktarn the Severer (Minotaur Fighter)        Turns: 18491, Time: 00:10:22

Health: -8/139     AC: 32    Str: 39    XL:     15   Next: 42%
Magic:  20/20      EV: 16    Int: 20    God:    Cheibriados [******]
Gold:   967        SH: 21    Dex: 29    Spells: 14/14 levels left

rFire   . . .        B - +9 broad axe "Aczoxkiz" {spect, *Noise rPois rC+}
rCold   + + +        Q - +5 Storm Queen's Shield {shock, Fly rElec}
rNeg    . . .        c - +2 plate armour {rC+}
rPois   +            S - +1 hat
rElec   +            L - +2 cloak
rCorr   .            N - +0 pair of gloves
SInv    +            I - +2 pair of boots
Will    +....        s - amulet of faith Stlth
                     M - ring of the Sky {rElec rC+ SInv}
HPRegen 0.43/turn    p - +4 ring of protection
MPRegen 0.17/turn

%: faith
@: flying, studying Translocations, very slow
A: horns 2, retaliatory headbutt
a: Renounce Religion, Bend Time, Temporal Distortion, Slouch, Step From Time


You were on level 2 of the Swamp.
You worshipped Cheibriados.
Cheibriados was exalted by your worship.
You visited 5 branches of the dungeon, and saw 23 of its levels.
You also visited: Sewer.

You collected 1525 gold pieces.
You spent 558 gold pieces at shops.

Inventory:

Hand Weapons
 B - the +9 broad axe "Aczoxkiz" (weapon) {spect, *Noise rPois rC+}
   (You bought it in a shop on level 10 of the Dungeon)

   rC+:       It protects you from cold.
   rPois:     It protects you from poison *Noise: It may make a loud noise when
   swung.
 C - a +6 war axe of protection
   (You found it on level 4 of the Dungeon)
Missiles
 k - 6 throwing nets
Armour
 b - a +0 scale mail
 c - a +2 plate armour of cold resistance (worn)
   (You took it off an orc warrior on level 9 of the Dungeon)
 u - a +1 chain mail
   (You found it on level 3 of the Dungeon)
 I - a +2 pair of boots (worn)
   (You found it on level 4 of the Dungeon)
 L - a +2 cloak (worn)
   (You took it off Crazy Yiuf on level 7 of the Dungeon)
 N - a +0 pair of gloves (worn)
   (You found it on level 3 of the Lair of Beasts)
 Q - the +5 Storm Queen's Shield (worn) {shock, Fly rElec}
   (You acquired it on level 4 of the Dungeon)

   Shock:     When it blocks an attack, it may electrocute the attacker.
   This works even against foes who are a short distance away.
   rElec:     It insulates you from electricity.
   Fly:       It grants you flight.
 S - a +1 hat (worn)
   (You found it on level 5 of the Lair of Beasts)
Jewellery
 f - a ring of protection from fire
   (You took it off a gnoll sergeant on level 8 of the Dungeon)
 i - a ring of see invisible
   (You found it on level 5 of the Lair of Beasts)
 m - a ring of willpower
   (You found it on level 5 of the Lair of Beasts)
 p - a +4 ring of protection (right hand)
   (You found it on level 10 of the Dungeon)
 s - an amulet of faith (around neck)
   (You found it on level 3 of the Dungeon)
 J - a ring of flight
   (You found it on level 11 of the Dungeon)
 M - the ring of the Sky (left hand) {rElec rC+ SInv}
   (You acquired it on level 2 of the Lair of Beasts)

   [ring of see invisible]

   rC+:       It protects you from cold.
   rElec:     It insulates you from electricity.
   SInv:      It lets you see invisible.
Wands
 a - a wand of acid (11)
   (You found it on level 4 of the Lair of Beasts)
 g - a wand of digging (5)
   (You found it on level 2 of the Swamp)
 n - a wand of mindburst (55)
   (You found it on level 6 of the Dungeon)
 y - a wand of iceblast (23)
   (You found it on level 4 of the Dungeon)
 F - a wand of paralysis (15)
   (You found it on level 6 of the Dungeon)
Scrolls
 e - 7 scrolls of vulnerability
 l - 2 scrolls of silence
 o - 2 scrolls of revelation
 r - a scroll of enchant weapon
 t - 9 scrolls of teleportation
 v - a scroll of fog
 z - 5 scrolls of blinking
 D - a scroll of brand weapon
 E - a scroll of noise {unknown}
 G - 3 scrolls of fear
Potions
 d - 6 potions of might
 h - 5 potions of haste
 j - 4 potions of lignification
 q - 7 potions of curing
 w - 3 potions of heal wounds
 x - 2 potions of magic
 A - 4 potions of ambrosia
 H - 2 potions of enlightenment
 K - a potion of brilliance {unknown}
 O - a potion of cancellation {unknown}
 P - a potion of berserk rage {unknown}
 R - a potion of invisibility {unknown}


   Skills:
 + Level 14.6 Fighting
 - Level 18.0 Axes
 + Level 14.3 Armour
 + Level 8.6 Dodging
 - Level 14.8 Shields
 - Level 9.0 Invocations


You had 14 spell levels left.
You didn't know any spells.
Your spell library contained the following spells:

 Spells                   Type           Power      Damage    Failure   Level
 Apportation              Tloc           0%         N/A       67%         1
 Necrotise                Necr           0%         1d4       67%         1
 Slow                     Hex            0%         N/A       67%         1
 Summon Small Mammal      Summ           0%         N/A       67%         1
 Ensorcelled Hibernation  Hex/Ice        0%         N/A       82%         2
 Lesser Beckoning         Tloc           0%         N/A       82%         2
 Passwall                 Tmut/Erth      0%         N/A       82%         2
 Call Canine Familiar     Summ           0%         N/A       96%         3
 Confusing Touch          Hex            0%         N/A       96%         3
 Gell's Gravitas          Tloc           0%         N/A       96%         3
 Hailstorm                Conj/Ice       0%         3d3       96%         3
 Sigil of Binding         Hex            0%         N/A       96%         3
 Swiftness                Air            0%         N/A       96%         3
 Teleport Other           Tloc           0%         N/A       96%         3
 Vampiric Draining        Necr           0%         2d6       96%         3
 Dimensional Bullseye     Hex/Tloc       0%         N/A       100%        4
 Leda's Liquefaction      Hex/Erth       0%         N/A       100%        4
 Manifold Assault         Tloc           0%         N/A       100%        4
 Summon Ice Beast         Ice/Summ       0%         N/A       100%        4
 Lee's Rapid Deconstruct  Erth           0%         3d4*      100%        5
 Bombard                  Conj/Erth      0%         9d1       100%        6
 Dispersal                Tloc           0%         N/A       100%        6
 Simulacrum               Ice/Necr       0%         N/A       100%        6
 Disjunction              Tloc           0%         N/A       100%        8


Dungeon Overview and Level Annotations

Branches:
Dungeon (12/15)            Temple (1/1) D:6            Lair (5/5) D:8
  Swamp (3/4) Lair:3       Spider (0/4) Lair:3        Slime (0/5) Lair:4
    Orc (2/2) D:12            Elf (0/3) Orc:2         Sewer (visited)

Altars:
Ashenzari
Cheibriados
Dithmenos
Elyvilon
Fedhas
Gozag
Hepliaklqana
Kikubaaqudgha
Makhleb
Nemelex Xobeh
Okawaru
Qazlal
Ru
Sif Muna
Trog
Uskayaw
Vehumet
Wu Jian
Xom
Yredelemnul
Zin
The Shining One

Shops:
D:2 *   D:5 [   D:8 (   D:10 **   Orc:2 ??(:


Innate Abilities, Weirdness & Mutations

You have a pair of horns on your head.
You reflexively headbutt those who attack you in melee.


Message History

You slice the swamp dragon!!
The swamp dragon is moderately wounded.
You slice the bunyip!!
Your +9 broad axe "Aczoxkiz" {spect, *Noise rPois rC+} misses the bunyip.
You are engulfed in spectral mist.
An eleionoma comes into view.
You block the swamp dragon's attack. x2
The swamp dragon completely misses you.
You slash the swamp dragon! You headbutt the swamp dragon!
The swamp dragon is severely wounded.
You hit the bunyip.
Your +9 broad axe "Aczoxkiz" {spect, *Noise rPois rC+} barely misses the bunyip.
The bunyip howls a warning cry!
A swamp dragon comes into view.
You block the swamp dragon's attack. x3
You closely miss the swamp dragon. You headbutt the swamp dragon.
The swamp dragon is severely wounded.
You hit the bunyip but do no damage.
Your +9 broad axe "Aczoxkiz" {spect, *Noise rPois rC+} hits the bunyip!!
You block the bunyip's attack. x2
Your shield discharges, shocking the bunyip!
You block the bunyip's attack.
Your shield discharges, shocking the bunyip!
The eleionoma flows through the trees.
You barely miss the eleionoma. You slice the bunyip!!
You kill the bunyip!
Cheibriados appreciates the change of pace.
You slice the swamp dragon!!
Your +9 broad axe "Aczoxkiz" {spect, *Noise rPois rC+} hits the eleionoma!!!
Your +9 broad axe "Aczoxkiz" {spect, *Noise rPois rC+} hits the swamp dragon but does no damage.
Your +9 broad axe "Aczoxkiz" {spect, *Noise rPois rC+} completely misses the bunyip.
The bunyip claws your +9 broad axe "Aczoxkiz" {spect, *Noise rPois rC+}!
Your spectral weapon shares its damage with you!
The bunyip claws your +9 broad axe "Aczoxkiz" {spect, *Noise rPois rC+}!!
Your spectral weapon shares its damage with you!
Your +9 broad axe "Aczoxkiz" {spect, *Noise rPois rC+} disappears.
You block the swamp dragon's attack. x2
Your shield discharges, shocking the swamp dragon!
You kill the swamp dragon!
Cheibriados appreciates the change of pace.
You hear a splash.
The swamp dragon scales are intact enough to wear.
You block the eleionoma's attack. x2
The spriggan druid calls out to the beasts of the wild!
Things that are here:
a tyrant leech corpse; a ghost crab corpse An alligator comes into view.
The eleionoma hurls a spray of splinters at you.
The spray of wooden splinters hits you.
The bloated husk explodes!
The blast of putrescent gases engulfs the eleionoma!!!
The blast of putrescent gases engulfs you!
* * * LOW HITPOINT WARNING * * *
The blast of putrescent gases engulfs the spriggan druid!!!
With its final breath, the spriggan druid offers up its power to the beasts of the wild!
The swamp dragon seems to grow more fierce.
The bunyip seems to grow more fierce.
The spriggan druid dies!
You hear a splash. x2
The blast of putrescent gases engulfs the bunyip!!
The bunyip howls a warning cry!
A swamp worm comes into view.
The eleionoma touches a tree and draws upon its vitality.
The eleionoma is healed.
You block the eleionoma's attack.
Your shield discharges, shocking the eleionoma!
You block the bunyip's attack. x2; The bunyip misses you.
The eleionoma completely misses you.
You block the alligator's attack. x2; The alligator completely misses you.
The alligator misses you.
An eleionoma comes into view.
You block the alligator's attack.
Your shield discharges, shocking the alligator!
The alligator tail-slaps you but does no damage.
The eleionoma hits you!
* * * LOW HITPOINT WARNING * * *
The sentinel's mark upon you fades away.
The alligator bites you but does no damage.
The alligator barely misses you. The alligator misses you.
The alligator completely misses you.
The eleionoma hurls a spray of splinters at you.
The spray of wooden splinters hits you!!
* * * LOW HITPOINT WARNING * * *
There is a stone staircase leading up here.
The alligator completely misses you. You block the alligator's attack.
Your shield discharges, shocking the alligator!
You block the eleionoma's attack.
You fly upwards.
There is a stone staircase leading down here.
You slice the eleionoma!!
The eleionoma is severely wounded.
You slash the alligator!
Your +9 broad axe "Aczoxkiz" {spect, *Noise rPois rC+} closely misses the eleionoma.
Your +9 broad axe "Aczoxkiz" {spect, *Noise rPois rC+} hits the alligator!!
Your +9 broad axe "Aczoxkiz" {spect, *Noise rPois rC+} hits the eleionoma!!
You kill the eleionoma!
Cheibriados appreciates the change of pace.
An eleionoma bone magically twists into a wand of iceblast (14).
The alligator bites you!
You die...

♣~.~~......~.~~~~~♣
♣~.♣...~~~~♣~.~~~.♣♣♣♣
♣♣..~...~~.~♣♣.....♣..♣♣
....~..~~~~~.....♣♣~~~.♣
......~.~†~~~~..♣♣.~~~.♣
.......~~~~~~~.♣♣♣..~.♣♣
♣...~~.~~~~~..♣ ♣♣♣♣♣♣
♣♣~.~~..~~~~~...♣
.~..../@t~~~~..♣♣
.~~...~(~~~.~♣♣♣
.....~..~~~.~..
♣♣♣....~~~~.~~~♣
♣~§~~~~§..~~.~
♣♣.~........♣♣
♣♣~~♣♣~.♣♣♣♣ ♣♣♣ ♣♣♣


You could see an alligator and a friendly +9 broad axe "Aczoxkiz" {spect, *Noise
rPois rC+}.

Vanquished Creatures
  Kirke (Lair:5)
  2 orc warlords (Orc:2)
  2 eleionomae
  5 bunyips
  Josephine (D:12)
  A ghost crab (Swamp:3)
  3 boulder beetles
  6 hydras
  5 two-headed ogres
  7 alligators
  2 spriggans (Swamp:3)
  4 orc high priests (Orc:2)
  Sonja (Orc:2)
  A fire crab (D:8)
  A pharaoh ant (Lair:3)
  3 goliath frogs
  2 skysharks
  4 swamp dragons
  3 bog bodies
  5 orc knights (Orc:2)
  2 ugly things
  5 orc sorcerers (Orc:2)
  The ghost of Flugslaktarn the Changeling, a novice OpSh (D:4)
  3 cyclopes
  Joseph (D:7)
  5 elephants (Lair:5)
  2 black mambas
  18 cane toads
  3 unseen horrors
  Jeremiah (D:6)
  2 rime drakes
  Psyche (D:9)
  13 komodo dragons
  2 kobold blastminers (Orc:1)
  9 tyrant leeches
  11 trolls
  A tarantella (Lair:3)
  2 hornets (Swamp:3)
  36 blink frogs
  A jumping spider (Lair:3)
  3 wyverns
  5 wraiths (D:12)
  4 hogs (Lair:5)
  7 vampire mosquitoes
  39 yaks
  2 basilisks
  5 wargs
  2 steam dragons (D:7)
  Menkaure (D:5)
  2 acid dragons
  8 swamp worms
  Duvessa (D:5)
  15 water moccasins
  Pargi (Sewer)
  2 ice beasts
  4 black bears
  39 orc warriors
  15 ogres
  3 wolves (Lair:2)
  7 centaurs
  A phantom (D:5)
  4 kobold brigands
  8 gnoll sergeants
  7 scorpions
  18 bullfrogs
  13 wights
  Dowan (D:5)
  10 killer bees
  4 electric eels
  A jelly (D:5)
  6 hounds
  28 orc priests
  2 gnoll boudas (D:8)
  Crazy Yiuf (D:7)
  3 iguanas
  24 orc wizards
  6 hell rats (Lair:4)
  29 gnolls
  10 adders
  A shadow imp (D:5)
  2 white imps
  2 ufetubi (D:5)
  2 worms
  A dart slug (D:4)
  104 orcs
  7 endoplasms
  3 giant cockroaches
  11 goblins
  7 hobgoblins
  15 jackals
  22 kobolds
  3 quokkas
  11 ball pythons
  3 bats (D:1)
  7 frilled lizards
  6 rats
  A spectral weapon (D:7)
727 creatures vanquished.

Vanquished Creatures (others)
  A spriggan druid (Swamp:3)
  2 bloated husks
  2 humans (Lair:5)
  A white imp (D:8)
  A kobold (D:8)
  6 spectral weapons
13 creatures vanquished.

Grand Total: 740 creatures vanquished

Notes
Turn   | Place    | Note
-------+----------+-------------------------------------------
     0 | D:1      | Flugslaktarn the Minotaur Fighter began the quest for the
                  | Orb.
     0 | D:1      | Reached XP level 1. HP: 19/19 MP: 0/0
   193 | D:1      | Reached XP level 2. HP: 27/27 MP: 1/1
   309 | D:1      | Reached skill level 3 in Axes
   355 | D:1      | Reached XP level 3. HP: 33/33 MP: 2/2
   910 | D:2      | Found a stormy altar of Qazlal.
   981 | D:2      | Found Roruy's General Store.
  1450 | D:3      | Reached XP level 4. HP: 41/41 MP: 3/3
  1500 | D:3      | Noticed a scorpion
  1512 | D:3      | Killed a scorpion
  1513 | D:3      | Reached skill level 4 in Axes
  1650 | D:3      | Reached XP level 5. HP: 42/47 MP: 4/4
  1652 | D:3      | Reached skill level 5 in Fighting
  2604 | D:4      | Found the +5 Force Lance {heavy, knockback}
  2666 | D:4      | Found a runed translucent door.
  2666 | D:4      | Noticed Flugslaktarn's ghost (novice OpSh)
  2943 | D:4      | Identified a scroll of acquirement
  3013 | D:4      | Acquired the +5 Storm Queen's Shield {shock, Fly rElec}
  3013 | D:4      | Found the +5 Storm Queen's Shield {shock, Fly rElec}
  3194 | D:5      | Entered Level 5 of the Dungeon
  3212 | D:5      | Reached XP level 6. HP: 56/56 MP: 5/5
  3225 | D:5      | Noticed an ice beast
  3227 | D:5      | Reached skill level 5 in Axes
  3227 | D:5      | Reached skill level 5 in Shields
  3236 | D:5      | Killed an ice beast
  3237 | D:5      | Reached skill level 5 in Armour
  3353 | D:5      | Noticed Menkaure
  3359 | D:5      | Killed Menkaure
  3360 | D:5      | Reached skill level 6 in Axes
  3360 | D:5      | Reached XP level 7. HP: 45/63 MP: 6/6
  3491 | D:5      | Found a hide-covered altar of Uskayaw.
  3637 | D:5      | Found Gofinyud's Armour Emporium.
  3660 | D:5      | Found an iron altar of Okawaru.
  3660 | D:5      | Found a blossoming altar of Fedhas.
  3698 | D:5      | Noticed Dowan
  3699 | D:5      | Noticed Duvessa
  3705 | D:5      | Killed Duvessa
  3713 | D:5      | Killed Dowan
  3714 | D:5      | Reached XP level 8. HP: 47/71 MP: 7/7
  3839 | D:5      | Reached skill level 7 in Axes
  4054 | D:2      | Bought a +1 pair of boots of rampaging for 198 gold pieces
  4123 | D:6      | Noticed Jeremiah
  4411 | D:6      | Killed Jeremiah
  4412 | D:6      | Reached skill level 8 in Axes
  4578 | D:6      | Found a staircase to the Ecumenical Temple.
  4591 | D:6      | Reached XP level 9. HP: 70/79 MP: 8/8
  4600 | Temple   | Entered the Ecumenical Temple
  4615 | Temple   | Became a worshipper of Cheibriados the Contemplative
  4726 | D:6      | Found a glowing drain.
  4737 | Sewer    | Entered a sewer
  4815 | Sewer    | Noticed Pargi
  4820 | Sewer    | Killed Pargi
  4931 | D:6      | Found a glowing golden altar of the Shining One.
  5130 | D:6      | Reached * piety under Cheibriados
  5208 | D:6      | Found a sacrificial altar of Ru.
  5521 | D:7      | Reached skill level 9 in Axes
  5522 | D:7      | Reached skill level 1 in Invocations
  5526 | D:7      | Reached ** piety under Cheibriados
  5755 | D:7      | Noticed Joseph
  5769 | D:7      | Killed Joseph
  6102 | D:7      | Found a runed translucent door.
  6103 | D:7      | Noticed Crazy Yiuf
  6366 | D:7      | Found a burning altar of Makhleb.
  6509 | D:7      | Killed Crazy Yiuf
  6582 | D:8      | Reached skill level 10 in Axes
  6585 | D:8      | Reached skill level 10 in Shields
  6615 | D:8      | Found a shimmering altar of Xom.
  6814 | D:4      | Killed Flugslaktarn's ghost
  6814 | D:4      | Reached *** piety under Cheibriados
  6815 | D:4      | Reached XP level 10. HP: 90/90 MP: 9/11
  7006 | D:8      | Noticed a brown ugly thing
  7008 | D:8      | Noticed a fire crab
  7015 | D:8      | Killed a brown ugly thing
  7019 | D:8      | Killed a fire crab
  7109 | D:8      | Reached **** piety under Cheibriados
  7194 | D:8      | Found a shadowy altar of Dithmenos.
  7287 | D:8      | Reached skill level 11 in Axes
  7328 | D:8      | Found Uwinetred's Weapon Shoppe.
  7487 | D:8      | Found a staircase to the Lair.
  7551 | D:8      | Reached ***** piety under Cheibriados
  8291 | D:9      | Noticed Psyche
  8294 | D:9      | Killed Psyche
  8567 | D:10     | Entered Level 10 of the Dungeon
  8583 | D:10     | Reached XP level 11. HP: 97/97 MP: 13/13
  8875 | D:10     | Found a hazy altar of Hepliaklqana.
  8903 | D:10     | Found Lakyorick's Neck Hole.
  8966 | D:10     | Found Faujuixu's Assorted Antiques.
  8969 | D:10     | Bought a brightly glowing broad axe for 270 gold pieces
  8969 | D:10     | Identified the +9 broad axe "Aczoxkiz" {spect, *Noise rPois
                  | rC+} (You bought it in a shop on level 10 of the Dungeon)
  9663 | D:11     | Noticed a two-headed ogre
  9669 | D:11     | Killed a two-headed ogre
  9670 | D:11     | Reached skill level 12 in Axes
  9674 | D:11     | Reached ****** piety under Cheibriados
  9729 | D:11     | Noticed a two-headed ogre
  9731 | D:11     | Killed a two-headed ogre
  9732 | D:11     | Reached skill level 5 in Invocations
 10161 | Lair:1   | Entered Level 1 of the Lair of Beasts
 10161 | Lair:1   | Found the +8 demon blade "Leech" {evervamp, Harm Drain rN+}
 10249 | Lair:1   | Reached skill level 10 in Fighting
 10489 | Lair:1   | Reached skill level 13 in Axes
 10877 | Lair:2   | Reached skill level 10 in Armour
 10877 | Lair:2   | Reached XP level 12. HP: 107/107 MP: 15/15
 10890 | Lair:2   | Acquired the ring of the Sky {rElec rC+ SInv}
 10948 | Lair:2   | Noticed an eight-headed hydra
 10956 | Lair:2   | Killed a 12-headed hydra
 12005 | Lair:3   | Found a staircase to the Swamp.
 12005 | Lair:3   | Noticed an eleionoma
 12009 | Lair:3   | Killed an eleionoma
 12121 | Lair:3   | Reached skill level 14 in Axes
 12463 | Lair:3   | Found a hole to the Spider Nest.
 12835 | Lair:4   | Noticed a boulder beetle
 12843 | Lair:4   | Killed a boulder beetle
 12848 | Lair:4   | Noticed a four-headed hydra
 12854 | Lair:4   | Reached XP level 13. HP: 82/116 MP: 17/17
 13143 | Lair:4   | Found a staircase to the Slime Pits.
 13312 | Lair:4   | Reached skill level 15 in Axes
 13679 | Lair:5   | Entered Level 5 of the Lair of Beasts
 13687 | Lair:5   | Reached skill level 1 in Dodging
 14081 | Lair:5   | Noticed Kirke
 14089 | Lair:5   | Noticed a sphinx
 14090 | Lair:5   | Killed Kirke
 14156 | Lair:5   | Reached skill level 16 in Axes
 14543 | Lair:5   | Reached XP level 14. HP: 127/127 MP: 19/19
 15346 | D:12     | Noticed Josephine
 15358 | D:12     | Killed Josephine
 15455 | D:12     | Reached skill level 5 in Dodging
 15458 | D:12     | Found a staircase to the Orcish Mines.
 15476 | Orc:1    | Entered Level 1 of the Orcish Mines
 15737 | Orc:2    | Entered Level 2 of the Orcish Mines
 16123 | Orc:2    | Found Focoeck's Magic Scroll Emporium.
 16128 | Orc:2    | Bought a scroll of blinking for 90 gold pieces
 16133 | Orc:2    | Found Igokiteh's Magic Scroll Shoppe.
 16234 | Orc:2    | Reached skill level 17 in Axes
 16258 | Orc:2    | Noticed an orc warlord
 16266 | Orc:2    | Killed an orc warlord
 16337 | Orc:2    | Noticed Sonja
 16339 | Orc:2    | Killed Sonja
 16591 | Orc:2    | Identified the staff of the Skies Above {rPois rN+ Dex+2
                  | Stlth- Poison}
 16678 | Orc:2    | Found a staircase to the Elven Halls.
 16745 | Orc:2    | Noticed an orc warlord
 16760 | Orc:2    | Killed an orc warlord
 16855 | Orc:2    | Found Meoc's Book Shoppe.
 16956 | Orc:2    | Found Nat Owk's Antique Weapon Boutique.
 17655 | Swamp:1  | Entered Level 1 of the Swamp
 17897 | Swamp:1  | You are sucked into a shaft and drop 1 floor!
 17906 | Swamp:2  | Reached XP level 15. HP: 83/137 MP: 20/20
 17908 | Swamp:2  | Reached skill level 18 in Axes
 18488 | Swamp:3  | HP: 2/139 [eleionoma/spray of wooden splinters (31)]
 18491 | Swamp:2  | Mangled by an alligator

Illustrated notes

Levels and vault maps discovered:
D:1:      scummos_arrival_forest, layout_basic, minivault_27, st_stairs_12
D:2:      layout_loops_ring, basic_altar, serial_shops,
          nicolae_shop_just_a_little_nook
D:3:      kennysheep_the_goblin_king, layout_loops_ring
D:4:      layout_basic, hellmonk_ghost_happy_afterlife
D:5:      layout_basic, gammafunk_temple_overflow_pools, lemuel_crystal_altar,
          serial_shops, nicolae_shop_advertising_works
          [nicolae_subvault_shop_adworks], grunt_tough_drop, uniq_duvessa,
          uniq_menkaure
D:6:      layout_loops_ring, marbit_many_paths, mainiacjoe_overflow_brackets,
          minmay_temple_entry_stoned_glass, portal_sewer_entry_f, uniq_jeremiah
D:7:      layout_cave_pools, lemuel_round_altar, uniq_joseph,
          uniq_crazy_yiuf_cottage
D:8:      layout_cave_pools, xom_butterflies, nicolae_dithmenos_the_darkroom,
          minmay_lair_entry_lava, serial_gnoll_camp, gnoll_camp_mini_house,
          gnoll_camp_medium_02, gnoll_camp_mini_hut, gnoll_camp_mini_shop,
          gnoll_camp_mini_basic
D:9:      layout_irregular_city, uniq_psyche
D:10:     layout_basic, mainiacjoe_overflow_alcove_2, serial_shops,
          kennysheep_mini_moat, nicolae_shop_sticking_my_neck_out
D:11:     layout_basic
D:12:     layout_loops_ring, kennysheep_orc_monster_closet_entryway,
          chequers_avenue, uniq_josephine
Temple:   nicolae_temple_figure_eight
Lair:1:   layout_chaotic_city, dreamdust_deal_with_the_devil,
          serial_bayou_lagoon_b
Lair:2:   layout_layer_cave, grunt_megastairs_3
Lair:3:   layout_misc_corridors, alex1729_swamp_entry_worm_eleionoma,
          nicolae_spider_entry_lesser_pyramids, gauntlet_entry_generic
Lair:4:   layout_misc_corridors, slime_entry_1, chequers_serial_rivers_marsh
Lair:5:   minmay_lair_end_frog_pond, layout_regular_city, uniq_kirke
Swamp:1:  layout_basic_swamp, hangedman_swamp_ruin_wall
Swamp:2:  layout_basic_swamp, hangedman_swamp_blocks,
          nicolae_swamp_decorative_isthmus
Swamp:3:  layout_falls_marsh, evilmike_swamp_ruin_house_1
Orc:1:    layout_caves, mines1_david
Orc:2:    pubby_orc_utopia, uniq_sonja

Skill      XL: |  1  2  3  4  5  6  7  8  9 10 11 12 13 14 15 |
---------------+----------------------------------------------+-----
Axes           | 3 4 6 8 10 11 13 14 16 17 18 | 18.0
Fighting       | 4 5 6 7 8 9 10 11 12 13 14 | 14.6
Armour         | 4 5 6 7 8 10 11 12 13 14 | 14.3
Shields        | 4 5 6 8 10 11 13 14 | 14.8
Invocations    | 2 4 5 7 8 9 |  9.0
Dodging        | 4 7 8 |  8.6

Action                     |  1- 3 |  4- 6 |  7- 9 | 10-12 | 13-15 || total
---------------------------+-------+-------+-------+-------+-------++-------
  Melee: War axe           |    90 |    83 |   207 |   123 |       ||   503
         Headbutt          |    12 |    13 |    31 |    62 |   104 ||   222
         Broad axe         |       |       |       |   150 |   427 ||   577
    Use: Scroll            |       |    10 |     7 |     9 |     1 ||    27
         Potion            |       |       |       |       |     6 ||     6
   Stab: Distracted        |       |       |       |     4 |    11 ||    15
 Armour: Scale mail        |    57 |    23 |       |       |       ||    80
         Chain mail        |       |    26 |    95 |   130 |       ||   251
         Plate armour      |       |       |       |    12 |   219 ||   231
  Dodge: Dodged            |    45 |    32 |    35 |    56 |   130 ||   298
  Block: Buckler           |    20 |    20 |       |       |       ||    40
         Kite shield       |       |    14 |   154 |   296 |   465 ||   929

Table legend: (Time is in decaauts)
 A = Elapsed time spent in this place.
 B = Non-inter-level travel time spent in this place.
 C = Inter-level travel time spent in this place.
 D = Time resting spent in this place.
 E = Time spent auto-exploring this place.
 F = Levels seen in this place.
 G = Mean time per level.
                   A        B        C        D        E       F      G
               +--------+--------+--------+--------+--------+-----+--------+
         Total |  27191 |  24407 |   2784 |   1220 |  19796 |  24 | 1133.0 |
       Dungeon |  14601 |  12862 |   1739 |    882 |  10257 |  12 | 1216.8 |
        Temple |     36 |      9 |     27 |      0 |      0 |   1 |   36.0 |
          Lair |   8090 |   7393 |    697 |    169 |   6344 |   5 | 1618.0 |
         Swamp |   1171 |   1111 |     60 |    169 |    712 |   3 |  390.3 |
  Orcish Mines |   3048 |   2788 |    260 |      0 |   2308 |   2 | 1524.0 |
         Sewer |    243 |    243 |      0 |      0 |    175 |   1 |  243.0 |
               +--------+--------+--------+--------+--------+-----+--------+

Top non-repeatable levels by time:
   Orc:2: 2658 daAuts
  Lair:2: 2100 daAuts
    D:10: 1995 daAuts
  Lair:5: 1722 daAuts
     D:9: 1625 daAuts
  Lair:1: 1500 daAuts
  Lair:3: 1432 daAuts
     D:7: 1402 daAuts
     D:8: 1369 daAuts
  Lair:4: 1334 daAuts
     D:6: 1240 daAuts
     D:3: 1234 daAuts
     D:5: 1199 daAuts
    D:12: 1181 daAuts
    D:11: 1085 daAuts
